AoeStats
← OS+ | VoNDutcH

Oasis

507718996Analyzed
4v4 RM · 12d ago on Sep 19, 2026· 48m 25s· 8 players
Game mode
Random Map
Map size
Large (8 player)
Population
200
Speed
Normal
Resources
Standard
Victory
Conquest
Starting age
Dark Age
Ending age
Imperial Age
RankedLock teamsTeams togetherTeam positionsShared explorationLock speedFull tech treeHidden civsTurbo modeCheats
Victory
Defeat
🇮🇳 Goths · India
2002
+12
🇩🇪 Wei · Germany
1951
+14
🇻🇳 Chinese · Vietnam
1942
+14
🇮🇹 Teutons · Italy
1867
+17
🇻🇳 Malay · Vietnam
1975
-18
🇻🇳 Britons · Vietnam
1926
-15
🇦🇷 Japanese · Argentina
1925
-15
🇺🇸 Bulgarians · United States
1775
-9
Mr.Bean
7:26 Loom
8:03 Loom
9:58 Feudal Age
10:08 Man-at-Arms
21:19 Castle Age
20:59 Double-Bit Axe
26:44 Horse Collar
27:36 Bow Saw
27:29 Heavy Plow
42:56 Wheelbarrow
Đam Mê Game
2:25 Loom
8:49 Feudal Age
9:30 Double-Bit Axe
12:03 Fletching
15:13 Padded Archer Armor
16:52 Wheelbarrow
22:26 Castle Age
21:10 Gold Mining
21:00 Horse Collar
23:04 Bodkin Arrow
23:02 Double-Bit Axe
24:30 Bow Saw
24:24 Crossbowman
27:00 Leather Archer Armor
28:51 Leather Archer Armor
30:07 Heavy Plow
31:24 Gold Shaft Mining
31:37 Ballistics
35:46 Imperial Age
32:59 Man-at-Arms
33:40 Squires
34:13 Pikeman
35:22 Scale Mail Armor
35:50 Halberdier
36:46 Chain Mail Armor
37:35 Elite Skirmisher
38:58 Arbalester
40:29 Forging
40:56 Plate Mail Armor
41:49 Iron Casting
41:51 Bracer
44:49 Chemistry
46:19 Blast Furnace
45:53 Ring Archer Armor
45:57 Masonry
45:51 Long Swordsman
BB3097790
5:06 Loom
9:15 Feudal Age
12:19 Double-Bit Axe
15:30 Horse Collar
20:49 Castle Age
18:59 Stone Mining
19:17 Town Watch
20:29 Gold Mining
21:51 Bow Saw
22:10 Heavy Plow
23:57 Wheelbarrow
27:43 Hand Cart
32:11 Imperial Age
30:27 Forging
30:22 Scale Barding Armor
32:13 Husbandry
32:24 Bloodlines
32:36 Chain Barding Armor
34:09 Plate Barding Armor
34:43 Conscription
36:08 Iron Casting
36:51 Stone Shaft Mining
36:17 Elite Konnik
37:30 Stirrups
38:56 Blast Furnace
37:28 Light Cavalry
40:15 Bagains
41:22 Scale Mail Armor
42:47 Caravan
43:30 Chain Mail Armor
44:22 Squires
44:07 Gambesons
Fish
8:21 Loom
10:06 Feudal Age
14:21 Castle Age
12:34 Double-Bit Axe
13:09 Horse Collar
15:20 Bow Saw
22:38 Wheelbarrow
28:01 Imperial Age
26:06 Town Watch
27:15 Forging
27:40 Hand Cart
28:14 Iron Casting
28:13 Scale Mail Armor
29:05 Chain Mail Armor
28:18 Capped Ram
29:57 Plate Mail Armor
30:20 Guard Tower
30:13 Elite Samurai
33:31 Blast Furnace
34:33 Conscription
35:34 Squires
35:20 Arson
35:20 Gambesons
36:04 Pikeman
37:34 Ballistics
37:26 Masonry
37:07 Fletching
37:25 Halberdier
38:02 Bodkin Arrow
38:32 Ballistics
39:09 Bracer
39:45 Keep
41:14 Chemistry
41:47 Murder Holes
44:10 Treadmill Crane
45:07 Arrowslits
48:06 Hoardings
DS_Dragonstar
5:28 Loom
9:18 Feudal Age
9:22 Man-at-Arms
9:48 Double-Bit Axe
18:04 Town Watch
26:07 Castle Age
24:03 Fletching
27:39 Scale Mail Armor
27:50 Forging
28:57 Chain Mail Armor
28:46 Squires
34:31 Horse Collar
37:45 Wheelbarrow
37:27 Bow Saw
37:21 Heavy Plow
40:14 Hand Cart
43:10 Imperial Age
41:44 Forging
41:58 Anarchy
43:21 Iron Casting
45:04 Blast Furnace
43:49 Elite Huskarl
44:49 Conscription
45:32 Caravan
47:47 Two-Man Saw
47:18 Crop Rotation
49:31 Coinage
49:11 Guilds
ÐàLat«Gô°Kµ»
0:26 Loom
8:27 Feudal Age
9:04 Double-Bit Axe
19:23 Castle Age
17:16 Horse Collar
17:38 Gold Mining
19:08 Wheelbarrow
20:26 Bow Saw
21:14 Heavy Plow
21:28 Bloodlines
22:40 Scale Barding Armor
31:20 Imperial Age
30:11 Chain Barding Armor
29:53 Husbandry
30:20 Hand Cart
29:51 Town Watch
30:57 Forging
32:25 Iron Casting
32:52 Plate Barding Armor
31:38 Cavalier
33:45 Two-Man Saw
35:58 Blast Furnace
36:04 Conscription
36:11 Stone Mining
36:57 Gold Shaft Mining
36:37 Fletching
37:12 Ballistics
38:01 Bodkin Arrow
39:08 Chemistry
38:43 Bracer
38:56 Masonry
39:02 Town Patrol
39:04 Padded Archer Armor
39:43 Thumb Ring
39:13 Elite Chu Ko Nu
41:48 Leather Archer Armor
43:39 Ring Archer Armor
43:26 Caravan
44:00 Capped Ram
45:21 Coinage
45:07 Siege Ram
RoR | Smokealot
5:33 Loom
8:28 Feudal Age
11:00 Double-Bit Axe
12:45 Horse Collar
15:56 Town Watch
20:07 Castle Age
19:08 Gold Mining
19:08 Stone Mining
19:09 Gold Mining
19:09 Stone Mining
21:34 Wheelbarrow
21:11 Bow Saw
22:43 Fortified Wall
25:03 Hand Cart
25:02 Heavy Plow
31:53 Imperial Age
30:16 Stone Shaft Mining
30:12 Ballistics
31:24 Gold Shaft Mining
31:30 Elite Skirmisher
32:16 Thumb Ring
32:13 Fletching
32:24 Padded Archer Armor
33:26 Parthian Tactics
33:07 Bodkin Arrow
34:52 Bracer
35:07 Leather Archer Armor
36:25 Chemistry
41:20 Ring Archer Armor
43:02 Caravan
45:13 Coinage
46:23 Bloodlines
46:13 Husbandry
OS+ | VoNDutcH
6:24 Loom
9:06 Feudal Age
19:16 Castle Age
17:25 Double-Bit Axe
17:21 Horse Collar
24:43 Wheelbarrow
26:34 Fervor
27:15 Gold Mining
27:16 Stone Mining
28:40 Scale Barding Armor
28:45 Forging
31:27 Imperial Age
30:19 Hand Cart
29:49 Town Watch
30:53 Bloodlines
31:04 Chain Barding Armor
31:20 Iron Casting
31:48 Masonry
31:46 Fletching
32:02 Town Patrol
32:30 Conscription
31:40 Cavalier
33:25 Chemistry
33:27 Paladin
35:36 Plate Barding Armor
36:01 Blast Furnace
35:36 Plate Barding Armor
36:01 Blast Furnace
36:27 Bow Saw
37:13 Bodkin Arrow
39:24 Siege Engineers
40:48 Coinage
42:04 Caravan
46:29 Squires
46:30 Scale Mail Armor
46:41 Pikeman
47:37 Halberdier
Connection lost

Rejoining the realm…

Still unreachable

The connection could not be restored.

Session expired

The server has moved on; the page needs a fresh start.